TOP OF THE 1ST |
Houston Astros batting - Pitching for Chicago White Sox : RHP Ricky Salas
|
Pitching: RHP Ricky Salas
|
|
Batting: RHB Matt Thompson
|
0-0: Ball 1-0: Called Strike 1-1: SINGLE (Groundball, 34D, EV 98.8 MPH)
|
Batting: SHB Joe Gardner
|
Pickoff Throw to First - Error! E1 Matt Thompson to second 0-0: Called Strike 0-1: Ground out 5-3 (Groundball, 56S, EV 88.8 MPH)
|
Batting: SHB Addick de Vries
|
0-0: Ball 1-0: Foul Ball, location: 2F 1-1: Fly out, F8 (Flyball, BS4, EV 104.4 MPH)
|
Batting: RHB Danny Dyer
|
0-0: Foul Ball, location: 2F 0-1: Swinging Strike 0-2: Foul Ball, location: 2F 0-2: Foul Ball, location: 2F 0-2: Ball 1-2: Strikes out looking
|
Top of the 1st over - 0 runs, 1 hit, 1 error, 1 left on base; Houston 0 - Chicago 0 |
BOTTOM OF THE 1ST |
Chicago White Sox batting - Pitching for Houston Astros : RHP Chris Perretta
|
Pitching: RHP Chris Perretta
|
|
Batting: SHB Dan Lash
|
0-0: Ball 1-0: Called Strike 1-1: Ball 2-1: Foul Ball, location: 2F 2-2: Ball 3-2: Ground out 4-3 (Groundball, 4, EV 78.8 MPH)
|
Batting: LHB Antonio Figueroa
|
0-0: Called Strike 0-1: Foul Ball, location: 2F 0-2: Foul Ball, location: 2F 0-2: Ball 1-2: Ball 2-2: TRIPLE (Line Drive, 89XD, EV 108.8 MPH)
|
Batting: LHB Randy Rosenberry
|
0-0: Ball 1-0: Foul Ball, location: 2F 1-1: Foul Ball, location: 2F 1-2: Foul Ball, location: 2F 1-2: Ball 2-2: Foul Ball, location: 2F 2-2: Foul Ball, location: 2F 2-2: Ball 3-2: DOUBLE (Line Drive, 5D, EV 102.5 MPH) Antonio Figueroa scores
|
Batting: SHB Cesar Herrera
|
0-0: Called Strike 0-1: Ball 1-1: Ball 2-1: Ball 3-1: Fly out, F5 (Line Drive, 5, EV 64.4 MPH)
|
Batting: LHB Jack Christie
|
0-0: Ball 1-0: Swinging Strike 1-1: Foul Ball, location: 2F 1-2: Ball 2-2: Strikes out swinging
|
Bottom of the 1st over - 1 run, 2 hits, 0 errors, 1 left on base; Houston 0 - Chicago 1 |
TOP OF THE 2ND |
Houston Astros batting - Pitching for Chicago White Sox : RHP Ricky Salas
|
Batting: LHB Ian Jarvis
|
0-0: Ball 1-0: Foul Ball, location: 2F 1-1: SOLO HOME RUN (Flyball, 78XD, EV 97.5 MPH), Distance : 389 ft
|
Batting: RHB Josh Froyd
|
0-0: Foul Ball, location: 2F 0-1: Ball 1-1: Ball 2-1: Foul Ball, location: 2F 2-2: Foul Ball, location: 2F 2-2: Strikes out swinging
|
Batting: RHB Mark Barger
|
0-0: Called Strike 0-1: Ball 1-1: Ball 2-1: Called Strike 2-2: Ground out 6-3 (Groundball, 6, EV 103.1 MPH)
|
Batting: LHB Jim Keefe
|
0-0: Called Strike 0-1: Ball 1-1: Reached on error, E6 (Groundball, 6, EV 107.5 MPH)
|
Batting: SHB Nate Kopchak
|
0-0: Called Strike 0-1: Ball 1-1: Ball 2-1: Ball 3-1: DOUBLE (Flyball, 89XD, EV 91.3 MPH) Jim Keefe to third Runner from 3rd tries for Home, SAFE, throw by CF to home
|
Batting: RHB Matt Thompson
|
0-0: Ball 1-0: Ball 2-0: Ball 3-0: Called Strike 3-1: Called Strike 3-2: Strikes out swinging
|
Top of the 2nd over - 2 runs, 2 hits, 1 error, 1 left on base; Houston 2 - Chicago 1 |
BOTTOM OF THE 2ND |
Chicago White Sox batting - Pitching for Houston Astros : RHP Chris Perretta
|
Batting: RHB Hiroshige Yamada
|
0-0: Called Strike 0-1: Ball 1-1: Ball 2-1: Ball 3-1: Called Strike 3-2: DOUBLE (Line Drive, 78D, EV 109.4 MPH)
|
Batting: LHB Brian Feher
|
0-0: Fly out, F9 (Flyball, 89S, EV 80.0 MPH)
|
Batting: RHB Rocky Campbell
|
0-0: Ball 1-0: Called Strike 1-1: SINGLE (Groundball, 4D, EV 105.6 MPH) Hiroshige Yamada to third Runner from 3rd tries for Home, SAFE, throw by RF to home
|
Batting: LHB Juan Concepcion
|
0-0: Ball 1-0: Ball 2-0: Swinging Strike 2-1: Swinging Strike 2-2: Foul Ball, location: 2F 2-2: Fly out, F8 (Flyball, 8LXD, EV 108.1 MPH)
|
Batting: SHB Dan Lash
|
0-0: Ball 1-0: Ball 2-0: Called Strike 2-1: Called Strike 2-2: DOUBLE (Line Drive, 89M, EV 89.4 MPH) Rocky Campbell to third Runner from 3rd tries for Home, SAFE, throw by RF to trailing runner, OUT at third! 9-3-5
|
Bottom of the 2nd over - 2 runs, 3 hits, 0 errors, 0 left on base; Houston 2 - Chicago 3 |
TOP OF THE 3RD |
Houston Astros batting - Pitching for Chicago White Sox : RHP Ricky Salas
|
Batting: SHB Joe Gardner
|
0-0: Ground out 6-3 (Groundball, 56, EV 83.1 MPH)
|
Batting: SHB Addick de Vries
|
0-0: Ball 1-0: Ball 2-0: Foul Ball, location: 2F 2-1: Ball 3-1: SINGLE (Flyball, 78S, EV 87.5 MPH)
|
Batting: RHB Danny Dyer
|
0-0: Foul Ball, location: 2F 0-1: Foul Ball, location: 2F 0-2: Ball 1-2: Fly out, F8 (Flyball, 89D, EV 105.0 MPH)
|
Batting: LHB Ian Jarvis
|
0-0: Ball 1-0: Called Strike 1-1: Ball 2-1: SINGLE (Groundball, 56D, EV 102.5 MPH) Addick de Vries to second
|
Batting: RHB Josh Froyd
|
0-0: Called Strike 0-1: Foul Ball, location: 2F 0-2: Strikes out swinging
|
Top of the 3rd over - 0 runs, 2 hits, 0 errors, 2 left on base; Houston 2 - Chicago 3 |
BOTTOM OF THE 3RD |
Chicago White Sox batting - Pitching for Houston Astros : RHP Chris Perretta
|
Batting: LHB Antonio Figueroa
|
0-0: Ball 1-0: Called Strike 1-1: SINGLE (Groundball, 34D, EV 98.1 MPH) (infield hit)
|
Batting: LHB Randy Rosenberry
|
0-0: Called Strike 0-1: Ball 1-1: Ball 2-1: Foul Ball, location: 2F 2-2: Foul Ball, location: 2F 2-2: Strikes out swinging
|
Batting: SHB Cesar Herrera
|
0-0: Foul Ball, location: 2F 0-1: TRIPLE (Line Drive, 8LXD, EV 103.8 MPH) Antonio Figueroa scores
|
Batting: LHB Jack Christie
|
0-0: Ball 1-0: DOUBLE (Flyball, 8RXD, EV 105.0 MPH) Cesar Herrera scores
|
Pitching: RHP Kyle McPeak
|
|
Batting: RHB Hiroshige Yamada
|
0-0: Foul Ball, location: 2F 0-1: Swinging Strike 0-2: Foul Ball, location: 2F 0-2: Ball 1-2: Ball 2-2: Foul Ball, location: 2F 2-2: Ball 3-2: Ground out 5-3 (Groundball, 5, EV 101.9 MPH)
|
Batting: LHB Brian Feher
|
0-0: Foul Ball, location: 2F 0-1: Ball 1-1: SINGLE (Groundball, 5S, EV 68.1 MPH) (infield hit) Jack Christie to third
|
Pinch Runner at 1st Jason Moss:
|
|
Batting: RHB Rocky Campbell
|
0-0: Hit by Pitch Jason Moss to second
|
Batting: LHB Juan Concepcion
|
0-0: Ball 1-0: Foul Ball, location: 2F 1-1: Foul Ball, location: 2F 1-2: Ball 2-2: Ball 3-2: Foul Ball, location: 2F 3-2: Base on Balls Jack Christie scores Jason Moss to third Rocky Campbell to second
|
Batting: SHB Dan Lash
|
0-0: Called Strike 0-1: Foul Ball, location: 2F 0-2: Ball 1-2: Ball 2-2: Ball 3-2: Strikes out looking
|
Bottom of the 3rd over - 3 runs, 4 hits, 0 errors, 3 left on base; Houston 2 - Chicago 6 |
TOP OF THE 4TH |
Houston Astros batting - Pitching for Chicago White Sox : RHP Ricky Salas
|
Now in RF: Jason Moss
|
|
Batting: RHB Mark Barger
|
0-0: Ball 1-0: Called Strike 1-1: Swinging Strike 1-2: Foul Ball, location: 2F 1-2: Strikes out swinging
|
Batting: LHB Jim Keefe
|
0-0: Called Strike 0-1: Ball 1-1: Foul Ball, location: 2F 1-2: Ball 2-2: SINGLE (Groundball, 34D, EV 96.9 MPH)
|
Batting: SHB Nate Kopchak
|
0-0: Foul Ball, location: 2F 0-1: Called Strike 0-2: SINGLE (Groundball, 4D, EV 101.3 MPH) Jim Keefe to second
|
Batting: RHB Matt Thompson
|
0-0: Ball 1-0: Foul Ball, location: 2F 1-1: Called Strike Jim Keefe steals 3rd base Nate Kopchak to second 1-2: Fly out, F3 (Popup, 23F, EV 85.6 MPH)
|
Batting: SHB Joe Gardner
|
0-0: Swinging Strike 0-1: Ball 1-1: 3-RUN HOME RUN (Flyball, 7D, EV 94.4 MPH), Distance : 370 ft
|
Batting: SHB Addick de Vries
|
0-0: Foul Ball, location: 2F 0-1: Ball 1-1: Fly out, F8 (Flyball, 8LXD, EV 101.3 MPH)
|
Top of the 4th over - 3 runs, 3 hits, 0 errors, 0 left on base; Houston 5 - Chicago 6 |
BOTTOM OF THE 4TH |
Chicago White Sox batting - Pitching for Houston Astros : RHP Kyle McPeak
|
Batting: LHB Antonio Figueroa
|
0-0: Called Strike 0-1: Ground out 6-3 (Groundball, 6M, EV 91.9 MPH)
|
Batting: LHB Randy Rosenberry
|
0-0: Called Strike 0-1: Ball 1-1: Called Strike 1-2: Ball 2-2: Fly out, F8 (Flyball, 8RM, EV 92.5 MPH)
|
Batting: SHB Cesar Herrera
|
0-0: Foul Ball, location: 2F 0-1: Ball 1-1: Fly out, F7 (Flyball, 78XD, EV 91.3 MPH)
|
Bottom of the 4th over - 0 runs, 0 hits, 0 errors, 0 left on base; Houston 5 - Chicago 6 |
TOP OF THE 5TH |
Houston Astros batting - Pitching for Chicago White Sox : RHP Ricky Salas
|
Batting: RHB Danny Dyer
|
0-0: Ball 1-0: Called Strike 1-1: Ball 2-1: Ball 3-1: SOLO HOME RUN (Flyball, 78XD, EV 101.9 MPH), Distance : 388 ft
|
Pitching: RHP Jeremy Fraraccio
|
|
Batting: LHB Ian Jarvis
|
0-0: Ball 1-0: Ball 2-0: SINGLE (Groundball, 6MD, EV 95.0 MPH)
|
Batting: RHB Josh Froyd
|
0-0: Ball 1-0: Foul Ball, location: 2F 1-1: Called Strike 1-2: Foul Ball, location: 2F 1-2: Ball 2-2: Strikes out swinging
|
Batting: RHB Mark Barger
|
0-0: Called Strike 0-1: Ball 1-1: Ball 2-1: Fly out, F8 (Flyball, 89M, EV 88.8 MPH)
|
Batting: LHB Jim Keefe
|
0-0: Called Strike 0-1: Ball 1-1: Called Strike 1-2: Fly out, F8 (Flyball, 8LS, EV 85.0 MPH)
|
Top of the 5th over - 1 run, 2 hits, 0 errors, 1 left on base; Houston 6 - Chicago 6 |
BOTTOM OF THE 5TH |
Chicago White Sox batting - Pitching for Houston Astros : RHP Kyle McPeak
|
Batting: LHB Jack Christie
|
0-0: SINGLE (Line Drive, 7LS, EV 106.9 MPH)
|
Batting: RHB Hiroshige Yamada
|
0-0: Called Strike 0-1: Swinging Strike 0-2: Fly out, F8 (Line Drive, 78M, EV 97.5 MPH)
|
Batting: RHB Jason Moss
|
0-0: Ball 1-0: Called Strike 1-1: Swinging Strike 1-2: Ball 2-2: Ball 3-2: Base on Balls Jack Christie to second
|
Pitching: RHP Eli Hernandez
|
|
Batting: RHB Rocky Campbell
|
0-0: Called Strike 0-1: Ball 1-1: Foul Ball, location: 2F 1-2: Ball 2-2: Fly out, F3 (Popup, 3F, EV 69.4 MPH)
|
Batting: LHB Juan Concepcion
|
0-0: Foul Ball, location: 2F 0-1: Ground out 4-3 (Groundball, 34, EV 89.4 MPH)
|
Bottom of the 5th over - 0 runs, 1 hit, 0 errors, 2 left on base; Houston 6 - Chicago 6 |
TOP OF THE 6TH |
Houston Astros batting - Pitching for Chicago White Sox : RHP Jeremy Fraraccio
|
Batting: SHB Nate Kopchak
|
0-0: Called Strike 0-1: Ground out 1-3 (Groundball, P, EV 65.6 MPH)
|
Pitching: LHP Josh Vaca
|
|
Batting: RHB Matt Thompson
|
0-0: Called Strike 0-1: Ball 1-1: Foul Ball, location: 2F 1-2: Strikes out swinging, 2-3 out at first.
|
Batting: SHB Joe Gardner
|
0-0: Ball 1-0: Fly out, F7 (Flyball, 7LM, EV 91.9 MPH)
|
Top of the 6th over - 0 runs, 0 hits, 0 errors, 0 left on base; Houston 6 - Chicago 6 |
BOTTOM OF THE 6TH |
Chicago White Sox batting - Pitching for Houston Astros : RHP Eli Hernandez
|
Batting: SHB Dan Lash
|
0-0: Ball 1-0: Foul Ball, location: 2F 1-1: SINGLE (Groundball, 34D, EV 100.6 MPH)
|
Batting: LHB Antonio Figueroa
|
0-0: Ball 1-0: Ball 2-0: Called Strike 2-1: Ball 3-1: Base on Balls Dan Lash to second
|
Pitching: LHP Jordan Ruiz
|
|
Batting: LHB Randy Rosenberry
|
0-0: Ball 1-0: Fly out, F2 (Popup, 5SF, EV 81.3 MPH)
|
Batting: SHB Cesar Herrera
|
0-0: Ball 1-0: Ball 2-0: Foul Ball, location: 2F 2-1: Foul Ball, location: 2F 2-2: Ball 3-2: Base on Balls Dan Lash to third Antonio Figueroa to second
|
Pinch Hitting: RHB Steve Castleberry
|
0-0: Called Strike 0-1: Ball 1-1: Ball 2-1: SINGLE (Groundball, 4MD, EV 100.0 MPH) Dan Lash scores Antonio Figueroa to third Cesar Herrera to second Runner from 3rd tries for Home, throw by CF and OUT! 8-2
|
Batting: RHB Hiroshige Yamada
|
0-0: Ball 1-0: Ball 2-0: Swinging Strike 2-1: Ball 3-1: Foul Ball, location: 2F 3-2: Ground out 5-3 (Groundball, 5S, EV 63.8 MPH)
|
Bottom of the 6th over - 1 run, 2 hits, 0 errors, 2 left on base; Houston 6 - Chicago 7 |
TOP OF THE 7TH |
Houston Astros batting - Pitching for Chicago White Sox : LHP Josh Vaca
|
Now at 1B: Leo Navarro
|
|
Batting: SHB Addick de Vries
|
0-0: Ball 1-0: Called Strike 1-1: Ball 2-1: Called Strike 2-2: Strikes out looking
|
Batting: RHB Danny Dyer
|
0-0: Called Strike 0-1: Swinging Strike 0-2: Ball 1-2: Ball 2-2: Strikes out swinging
|
Batting: LHB Ian Jarvis
|
0-0: Called Strike 0-1: Swinging Strike 0-2: Ball 1-2: Ball 2-2: Ground out 4-3 (Groundball, 4, EV 102.5 MPH)
|
Top of the 7th over - 0 runs, 0 hits, 0 errors, 0 left on base; Houston 6 - Chicago 7 |
BOTTOM OF THE 7TH |
Chicago White Sox batting - Pitching for Houston Astros : LHP Jordan Ruiz
|
Pitching: LHP Chad Dominey
|
|
Batting: RHB Jason Moss
|
0-0: Ball 1-0: Swinging Strike 1-1: Foul Ball, location: 2F 1-2: Fly out, F8 (Line Drive, 8LM, EV 90.6 MPH)
|
Batting: RHB Rocky Campbell
|
0-0: Swinging Strike 0-1: Swinging Strike 0-2: Strikes out swinging, 2-3 out at first.
|
Batting: LHB Juan Concepcion
|
0-0: Ball 1-0: Foul Ball, location: 2F 1-1: Ball 2-1: Foul Ball, location: 2F 2-2: Strikes out swinging
|
Bottom of the 7th over - 0 runs, 0 hits, 0 errors, 0 left on base; Houston 6 - Chicago 7 |
TOP OF THE 8TH |
Houston Astros batting - Pitching for Chicago White Sox : LHP Josh Vaca
|
Pitching: RHP Jimmy Seager
|
|
Batting: RHB Josh Froyd
|
0-0: Ball 1-0: SOLO HOME RUN (Flyball, 78XD, EV 104.4 MPH), Distance : 400 ft
|
Batting: RHB Mark Barger
|
0-0: SOLO HOME RUN (Flyball, 89XD, EV 100.6 MPH), Distance : 389 ft
|
Batting: LHB Jim Keefe
|
0-0: Ball 1-0: Ball 2-0: Foul Ball, location: 2F 2-1: Swinging Strike 2-2: Strikes out swinging
|
Batting: SHB Nate Kopchak
|
0-0: Swinging Strike 0-1: Swinging Strike 0-2: Ball 1-2: Strikes out looking
|
Batting: RHB Matt Thompson
|
0-0: Ball 1-0: Called Strike 1-1: Ground out U3 (Groundball, 13, EV 89.4 MPH)
|
Top of the 8th over - 2 runs, 2 hits, 0 errors, 0 left on base; Houston 8 - Chicago 7 |
BOTTOM OF THE 8TH |
Chicago White Sox batting - Pitching for Houston Astros : LHP Chad Dominey
|
Batting: SHB Dan Lash
|
0-0: Ground out 6-3 (Groundball, 6, EV 86.9 MPH)
|
Batting: LHB Antonio Figueroa
|
0-0: Foul Ball, location: 2F 0-1: Swinging Strike 0-2: Ball 1-2: Ground out 6-3 (Groundball, 56S, EV 68.1 MPH)
|
Batting: LHB Randy Rosenberry
|
0-0: Ground out 5-3 (Groundball, 5, EV 79.4 MPH)
|
Bottom of the 8th over - 0 runs, 0 hits, 0 errors, 0 left on base; Houston 8 - Chicago 7 |
TOP OF THE 9TH |
Houston Astros batting - Pitching for Chicago White Sox : RHP Jimmy Seager
|
Batting: SHB Joe Gardner
|
0-0: Called Strike 0-1: Fly out, F8 (Flyball, 8RXD, EV 105.6 MPH)
|
Batting: SHB Addick de Vries
|
0-0: Ground out U3 (Groundball, 3, EV 86.9 MPH)
|
Batting: RHB Danny Dyer
|
0-0: Ball 1-0: Swinging Strike 1-1: Foul Ball, location: 2F 1-2: Ball 2-2: Foul Ball, location: 2F 2-2: Ground out 6-3 (Groundball, 6, EV 108.1 MPH)
|
Top of the 9th over - 0 runs, 0 hits, 0 errors, 0 left on base; Houston 8 - Chicago 7 |
BOTTOM OF THE 9TH |
Chicago White Sox batting - Pitching for Houston Astros : LHP Chad Dominey
|
Pitching: LHP Brian Thomas
|
|
Batting: SHB Cesar Herrera
|
0-0: Ball 1-0: Called Strike 1-1: Ball 2-1: SINGLE (Flyball, 6MD, EV 90.6 MPH)
|
Batting: RHB Leo Navarro
|
Pickoff Throw to First - Out! 1-3 0-0: Ball 1-0: Ball 2-0: Ball 3-0: Base on Balls
|
Batting: RHB Hiroshige Yamada
|
0-0: Ball 1-0: Fly out, F7 (Line Drive, 7LM, EV 92.5 MPH)
|
Batting: RHB Jason Moss
|
0-0: Ball 1-0: Foul Ball, location: 2F 1-1: Ball 2-1: Ball 3-1: Base on Balls Leo Navarro to second
|
Batting: RHB Rocky Campbell
|
0-0: Ball 1-0: Called Strike 1-1: Ball 2-1: Called Strike 2-2: Ball 3-2: Base on Balls Leo Navarro to third Jason Moss to second
|
Batting: LHB Juan Concepcion
|
0-0: Ball 1-0: Ball 2-0: Called Strike 2-1: Fielders Choice at 2nd, 6-4 (Groundball, 4M, EV 84.4 MPH)
|
Bottom of the 9th over - 0 runs, 1 hit, 0 errors, 3 left on base; Houston 8 - Chicago 7 |
|